 Dungeon Sprint DCSS version 0.27-a0-695-gb4952372f7 (webtiles) character file.

Game seed: 8480684258135304330

16607 mhtbhm the Severer (level 12, -17/184 (186) HPs)
             Began as a Minotaur Fighter on Mar 21, 2021.
             Was the Champion of Okawaru.
             Killed from afar by an ancient lich (57 damage)
             ... with a bolt of acid
             ... in the Dungeon (Sprint VII: "The Pits").
             The game lasted 00:06:37 (2858 turns).

mhtbhm the Severer (Minotaur Fighter)               Turns: 2858, Time: 00:06:38

HP:   -17/184 (186) AC: 17    Str: 27    XL:     12   Next: 11%
MP:   11/13         EV: 11    Int:  5    God:    Okawaru [******]
Gold: 12            SH: 17    Dex: 11    Spells: 11/11 levels left

rFire    . . .     SeeInvis .   a - +8 broad axe "Zucvoev" {drain, *Corrode rF- rN++ Will+++}
rCold    . . .     Faith    .   c - +0 kite shield
rNeg     + + .     Spirit   .   b - +3 plate armour
rPois    .         Reflect  .   (helmet restricted)
rElec    .         Harm     .   s - scarf {shadows}
rCorr    .         Rampage  .   (no gloves)
Will     +++..     NoTele   +   (no boots)
Stlth    ..........             n - amulet "Tifanaff" {Regen+ Str+2}
HPRegen  1.40/turn              B - ring of protection from fire
MPRegen  0.13/turn              o - +3 ring of protection

@: berserking, heroic, corroded, studying Summonings, lightly drained, very
quick
A: horns 2, retaliatory headbutt
a: Renounce Religion, Heroism, Finesse


You were in the Dungeon.
You worshipped Okawaru.
Okawaru was exalted by your worship.
You visited 1 branch You collected 12 gold pieces.

Inventory:

Hand Weapons
 a - the +8 broad axe "Zucvoev" (weapon) {drain, *Corrode rF- rN++ Will+++}
   (Okawaru gifted it to you in the Dungeon)

   A truly terrible weapon, it drains the life of those it strikes.
   It makes you vulnerable to fire.
   It greatly protects you from negative energy.
   It affects your willpower, your defense against some magical effects.
   It may corrode you when you take damage.
Missiles
 A - 4 atropa-tipped darts (quivered)
Armour
 b - a +3 plate armour (worn)
 c - a +0 kite shield (worn)
 r - a +0 cloak
 s - a scarf of shadows (worn)
Jewellery
 n - the amulet "Tifanaff" (around neck) {Regen+ Str+2}
   (You found it in the Dungeon)

   [amulet of regeneration]

   It affects your strength (+2).
   It increases your rate of regeneration.
 o - a +3 ring of protection (left hand)
 y - a ring of wizardry
 B - a ring of protection from fire (right hand)
 C - a ring of protection from cold
Wands
 z - a wand of random effects (15)
Scrolls
 j - 3 scrolls of blinking
 l - 5 scrolls of amnesia
 m - a scroll of summoning
 t - 2 scrolls of fog
 u - a scroll of identify
 v - 4 scrolls of enchant weapon
 x - 3 scrolls of enchant armour
Potions
 d - a potion of might
 e - 4 potions of curing
 f - 7 potions of heal wounds
 g - 5 potions of haste
 h - 4 potions of magic
 i - a potion of berserk rage
 k - 2 potions of invisibility
 p - 2 potions of resistance
 q - 2 potions of mutation
 w - 2 potions of brilliance


   Skills:
 + Level 16.9(21.9) Fighting
 + Level 19.2(24.2) Axes
 + Level 16.3(21.3) Armour
 + Level 3.4(8.4) Dodging
 + Level 1.3(6.3) Stealth
 + Level 17.8(22.8) Shields
 * Level 3.9 Invocations


You had 11 spell levels left.
You didn't know any spells.
Your spell library contained the following spells:

 Spells                   Type           Power      Damage    Failure   Level
 Freeze                   Ice            0%         1d3       93%         1
 Shock                    Conj/Air       0%         1d3       93%         1
 Swiftness                Air            0%         N/A       98%         2
 Frozen Ramparts          Ice            0%         1d2       100%        3
 Ozocubu's Armour         Ice            0%         N/A       100%        3
 Static Discharge         Conj/Air       0%         N/A       100%        3
 Airstrike                Air            0%         N/A       100%        4
 Hailstorm                Conj/Ice       0%         3d3       100%        4
 Summon Ice Beast         Ice/Summ       0%         N/A       100%        4
 Lightning Bolt           Conj/Air       0%         1d11      100%        5
 Chain Lightning          Conj/Air       0%         N/A       100%        8
 Lehudib's Crystal Spear  Conj/Erth      0%         10d2      100%        8
 Absolute Zero            Ice            0%         ∞         100%        9
 Fire Storm               Conj/Fire      0%         5d1       100%        9


Dungeon Overview and Level Annotations

Branches:
Dungeon (1/1)

Altars:
Ashenzari
Cheibriados
Dithmenos
Elyvilon
Fedhas
Gozag
Hepliaklqana
Kikubaaqudgha
Makhleb
Nemelex Xobeh
Okawaru
Qazlal
Ru
Sif Muna
Trog
Uskayaw
Vehumet
Wu Jian
Xom
Yredelemnul
Zin
The Shining One
Beogh
Jiyva
Lugonu


Innate Abilities, Weirdness & Mutations

You have a pair of horns on your head.
You reflexively headbutt those who attack you in melee.


Message History

You headbutt the ancient lich, but do no damage.
The ancient lich is moderately damaged.
The ancient lich points at you and mumbles some strange words.
The crystal spear hits you!!!!
Ouch! That really hurt!
* * * LOW HITPOINT WARNING * * *
You feel much better.
The ancient lich casts a spell at itself.
The ancient lich flickers and vanishes!
Deactivating autopickup; reactivate with Ctrl-A.
Something touches you but does no damage.
Unknown command.
You gain the combat prowess of a mighty hero.
Something touches you. You partially resist.
You miss something.
Something touches you but does no damage.
You slice something!! Something touches you!
You feel much better.
You hear some strange, mumbled words.
A crystal spear appears from out of thin air!
The crystal spear hits you!!!
Ouch! That really hurt!
* * * LOW HITPOINT WARNING * * *
Something touches you but does no damage.
You feel much better.
You hear some strange, mumbled words.
Something tries to affect you, but you resist.
Unknown command.
A red film seems to cover your vision as you go berserk!
You feel yourself moving faster!
You feel mighty!
Something touches you but does no damage.
Something touches you!
* * * LOW HITPOINT WARNING * * *
You partially resist.
You feel drained.
Unknown command.
You hit something but do no damage.
You hear some strange, mumbled words.
A bolt of acid appears from out of thin air!
The bolt of acid hits you!!!
You die...

#+# #.# #{#
################@#
.................#
.................#
+##############).#
#.)# #))# #..#
#..# #..#


There were no monsters in sight!

Vanquished Creatures
  A deep elf annihilator (D)
  A merfolk avatar (D)
  A centaur warrior (D)
  An alligator (D)
  An orc high priest (D)
  A death yak (D)
  A shadow wraith (D)
  A wizard (D)
  2 unseen horrors (D)
  A bog body (D)
  A manticore (D)
  3 deep elf pyromancers (D)
  A cyclops (D)
  A guardian serpent (D)
  2 elephants (D)
  A guardian serpent (shapeshifter) (D)
  2 yaktaurs (D)
  A freezing wraith (D)
  An orange demon (D)
  A rime drake (D)
  2 efreet (D)
  2 hellwings (D)
  A merfolk (D)
  A jumping spider (D)
  A hornet (D)
  Grinder (D)
  2 flying skulls (D)
  3 redbacks (D)
  A spriggan (D)
  A water elemental (D)
  A wraith (D)
  A steam dragon (D)
  3 vampire mosquitoes (D)
  Grum (D)
  A floating eye (D)
  2 black bears (D)
  4 orc warriors (D)
  An ice beast (D)
  2 ogres (D)
  5 wolves (D)
  A centaur (D)
  5 killer bees (D)
  A quasit (D)
  6 orc priests (D)
  2 hounds (D)
  2 gnoll shamans (D)
  A jelly (D)
  2 orc wizards (D)
  A worker ant (D)
  9 gnolls (D)
  An adder (D)
  A white imp (D)
  An adder skeleton (D)
  2 leopard geckos (D)
  9 orcs (D)
  2 ball pythons (D)
  A giant cockroach (D)
  A goblin (D)
  A hobgoblin (D)
  2 jackals (D)
  A quokka (D)
  A kobold (D)
  2 rats (D)
116 creatures vanquished.

Notes
Turn   | Place    | Note
-------+----------+-------------------------------------------
     0 | D        | mhtbhm the Minotaur Fighter began the quest for the Orb.
     0 | D        | Reached XP level 1. HP: 19/19 MP: 0/0
    24 | D        | Found a bloodstained altar of Trog.
    24 | D        | Found a shimmering blue altar of Sif Muna.
    24 | D        | Found a viscous altar of Jiyva.
    24 | D        | Found a hazy altar of Hepliaklqana.
    24 | D        | Found an opulent altar of Gozag.
    25 | D        | Found a glowing golden altar of the Shining One.
    25 | D        | Found a glowing silver altar of Zin.
    25 | D        | Found a basalt altar of Yredelemnul.
    25 | D        | Found a shimmering altar of Xom.
    25 | D        | Found an ornate altar of the Wu Jian Council.
    25 | D        | Found a sacrificial altar of Ru.
    25 | D        | Found a stormy altar of Qazlal.
    25 | D        | Found an iron altar of Okawaru.
    25 | D        | Found a sparkling altar of Nemelex Xobeh.
    25 | D        | Found a burning altar of Makhleb.
    25 | D        | Found a blossoming altar of Fedhas.
    25 | D        | Found a white marble altar of Elyvilon.
    25 | D        | Found a shadowy altar of Dithmenos.
    25 | D        | Found a snail-covered altar of Cheibriados.
    28 | D        | Found a corrupted altar of Lugonu.
    28 | D        | Found a radiant altar of Vehumet.
    31 | D        | Found an ancient bone altar of Kikubaaqudgha.
    31 | D        | Found a hide-covered altar of Uskayaw.
    31 | D        | Found a broken altar of Ashenzari.
    35 | D        | Became a worshipper of Warmaster Okawaru
    83 | D        | Noticed a floating eye
    88 | D        | Paralysed by a floating eye for 4 turns
    92 | D        | Killed a floating eye
    92 | D        | Reached * piety under Okawaru
    93 | D        | Reached skill level 4 in Axes
    93 | D        | Reached XP level 2. HP: 30/34 MP: 1/1
    93 | D        | Reached XP level 3. HP: 34/39 MP: 2/2
    93 | D        | Reached XP level 4. HP: 41/47 MP: 3/3
   254 | D        | Noticed Grinder
   256 | D        | Reached XP level 5. HP: 48/52 MP: 4/4
   266 | D        | Noticed an ogre
   268 | D        | Killed Grinder
   269 | D        | Reached skill level 6 in Axes
   269 | D        | Reached XP level 6. HP: 44/63 MP: 5/5
   276 | D        | Reached skill level 7 in Axes
   276 | D        | Reached skill level 10 in Armour
   305 | D        | Reached ** piety under Okawaru
   306 | D        | Reached skill level 10 in Shields
   306 | D        | Reached XP level 7. HP: 38/71 MP: 6/6
   469 | D        | Reached skill level 10 in Fighting
   469 | D        | Reached skill level 8 in Axes
   469 | D        | Reached skill level 1 in Dodging
   550 | D        | Noticed a cyclops
   550 | D        | Noticed a wraith
   560 | D        | Killed a cyclops
   560 | D        | Reached *** piety under Okawaru
   561 | D        | Reached skill level 9 in Axes
   561 | D        | Reached XP level 8. HP: 19/81 MP: 7/7
   569 | D        | HP: 2/81 [wraith (9)]
   929 | D        | Noticed an elephant
   940 | D        | Reached skill level 10 in Axes
   943 | D        | Killed an elephant
   956 | D        | Noticed a deep elf pyromancer
   959 | D        | Killed a deep elf pyromancer
   959 | D        | Reached **** piety under Okawaru
   960 | D        | Reached skill level 11 in Axes
   960 | D        | Reached XP level 9. HP: 78/90 MP: 8/8
  1021 | D        | Killed an unseen horror
  1022 | D        | Reached skill level 12 in Axes
  1022 | D        | Reached skill level 1 in Stealth
  1276 | D        | Reached skill level 13 in Axes
  1282 | D        | Killed a shadow wraith
  1282 | D        | Reached ***** piety under Okawaru
  1392 | D        | Noticed a guardian serpent
  1393 | D        | Noticed a jumping spider
  1394 | D        | Noticed a death yak
  1419 | D        | Killed a death yak
  1420 | D        | Reached skill level 14 in Axes
  1420 | D        | Reached XP level 10. HP: 66/101 MP: 9/9
  1421 | D        | Killed a guardian serpent
  1427 | D        | Received a gift from Okawaru
  1562 | D        | Noticed a spriggan rider
  1575 | D        | Reached skill level 15 in Axes
  1769 | D        | Noticed a bog body
  1769 | D        | Noticed an elephant
  1769 | D        | Noticed an orc high priest
  1776 | D        | Killed an elephant
  1777 | D        | Reached skill level 15 in Shields
  1781 | D        | Killed a bog body
  1784 | D        | Noticed a centaur warrior
  1785 | D        | Reached skill level 16 in Axes
  1786 | D        | Killed an orc high priest
  1787 | D        | Reached skill level 15 in Armour
  1794 | D        | Killed a centaur warrior
  1795 | D        | Reached skill level 17 in Axes
  1795 | D        | Reached XP level 11. HP: 42/111 MP: 10/10
  1801 | D        | Noticed a deep elf pyromancer
  1803 | D        | Noticed Grum
  1809 | D        | Reached skill level 15 in Fighting
  1812 | D        | Killed an unseen horror
  1813 | D        | Killed a deep elf pyromancer
  1827 | D        | Killed Grum
  1828 | D        | Reached skill level 18 in Axes
  2017 | D        | Noticed a deep elf pyromancer
  2033 | D        | Killed a deep elf pyromancer
  2033 | D        | Received a gift from Okawaru
  2204 | D        | Noticed a merfolk avatar
  2219 | D        | Killed a merfolk avatar
  2219 | D        | Reached ****** piety under Okawaru
  2583 | D        | Noticed an alligator
  2583 | D        | Noticed a wizard
  2583 | D        | Noticed a deep elf annihilator
  2594 | D        | Killed a deep elf annihilator
  2594 | D        | Identified the +8 broad axe "Zucvoev" {drain, *Corrode rF-
                  | rN++ Will+++} (Okawaru gifted it to you in the Dungeon)
  2594 | D        | Received a gift from Okawaru
  2595 | D        | Reached skill level 19 in Axes
  2605 | D        | Killed an alligator
  2606 | D        | Reached XP level 12. HP: 82/124 MP: 10/13
  2637 | D        | Got the amulet "Tifanaff" {Regen+ Str+2}
  2844 | D        | Noticed an ancient lich
  2855 | D        | HP: 6/124 [something/crystal spear (64)]
  2858 | D        | Killed from afar by an ancient lich

Illustrated notes

Levels and vault maps discovered:
D:        pitsprint [storerooms_1, entrance_room_1, metal_vault_6, armoury_2,
          mini_pit_1, grid_room_1, main_hall_1, silver_pit, the_coven_1,
          the_vestibule_1, steel_vault_1, golden_pit, hallway_of_sentries,
          crystal_vault_4, iron_vault_3, final_vault]

Skill      XL: |  1  2  3  4  5  6  7  8  9 10 11 |
---------------+----------------------------------+-----
Fighting       | 7 9 10 11 13 14 16 | 16.9
Armour         | 7 9 10 11 12 14 15 16 | 16.3
Shields        | 6 7 9 10 11 12 14 15 17 | 17.8
Axes           | 4 6 7 9 11 14 17 19 | 19.2
Dodging        | 1 2 3 |  3.4
Stealth        | 1 |  1.3
Invocations    | 3 |  3.9

Action                   |  1- 3 |  4- 6 |  7- 9 | 10-12 || total
-------------------------+-------+-------+-------+-------++-------
Melee: Hand axe          |     9 |    44 |    35 |       ||    88
       Headbutt          |     1 |    10 |    29 |    36 ||    76
       War axe           |     1 |       |       |       ||     1
       Broad axe         |       |       |    68 |   147 ||   215
Invok: Heroism           |       |       |       |     2 ||     2
  Use: Potion            |       |       |     1 |    15 ||    16
Armor: Scale mail        |     1 |     6 |       |       ||     7
       Plate armour      |       |    11 |    52 |   116 ||   179
Dodge: Dodged            |     3 |    13 |    12 |    64 ||    92
Block: Kite shield       |     4 |    28 |    65 |   157 ||   254

Table legend: (Time is in decaauts)
 A = Elapsed time spent in this place.
 B = Non-inter-level travel time spent in this place.
 C = Inter-level travel time spent in this place.
 D = Time resting spent in this place.
 E = Time spent auto-exploring this place.
 F = Levels seen in this place.
 G = Mean time per level.
                   A        B        C        D        E       F      G
               +--------+--------+--------+--------+--------+-----+--------+
         Total |   2875 |   2875 |      0 |   1469 |    357 |   1 | 2875.0 |
       Dungeon |   2875 |   2875 |      0 |   1469 |    357 |   1 | 2875.0 |
               +--------+--------+--------+--------+--------+-----+--------+

Top non-repeatable levels by time:
       D: 2875 daAuts
